 Dungeon Crawl Stone Soup version 0.31.0-1-g2c135a0 (webtiles) character file.

Game seed: 2424862101218295706

18 bonegar the Sneak (level 2, 0/20 (22) HPs)
             Began as a Naga Enchanter on Feb 13, 2024.
             Slain by an adder (2 damage)
             ... on level 2 of the Dungeon.
             The game lasted 00:08:17 (1831 turns).

bonegar the Sneak (Naga Enchanter)                  Turns: 1831, Time: 00:08:19

HP:   0/20 (22)     AC:  1    Str:  7 (10) XL:     2   Next: 66%
MP:   0/5           EV:  9    Int: 13 (15) God:
Gold: 35            SH:  0    Dex:  8 (11) Spells: 3/5 levels left

rFire   + . .        a - +1 dagger
rCold   . . .        (no shield)
rNeg    . . .        b - +0 robe
rPois   +            (no helmet)
rElec   .            (no cloak)
rCorr   .            (no gloves)
SInv    +            (no barding)
Will    .....        (no amulet)
Stlth   ++           e - ring of protection from fire
HPRegen 0.23/turn    (no ring)
MPRegen 0.09/turn

%: no passive effects
@: very slightly contaminated, drained, very slow
A: AC +0, large, see invisible, deformed body, poison resistance, slowness 2,
spit poison 1, naga tail 1
a: Spit Poison


You were on level 2 of the Dungeon.
You visited 1 branch of the dungeon, and saw 2 of its levels.

You collected 35 gold pieces.

Inventory:

Hand Weapons
 a - a +1 dagger (weapon)
Armour
 b - a +0 robe (worn)
Jewellery
 e - a ring of protection from fire (left hand)
Talismans
 h - a beast talisman
Scrolls
 d - a scroll of fear
Potions
 c - 3 potions of invisibility


   Skills:
 + Level 0.1 Fighting
 + Level 1.2 Short Blades
 + Level 1.8 Dodging
 + Level 4.9 Stealth
 + Level 2.0 Spellcasting
 + Level 3.2 Hexes


You had 3 spell levels left.
You knew the following spells:

 Your Spells              Type           Power      Damage    Failure   Level
a - Ensorcelled Hibernat  Hex/Ice        10%        N/A       21%         2

Your spell library contained the following spells:

 Spells                   Type           Power      Damage    Failure   Level
 Confusing Touch          Hex            9%         N/A       21%         3
 Tukima's Dance           Hex            9%         N/A       21%         3
 Dazzling Flash           Conj/Hex       10%        N/A       36%         3


Dungeon Overview and Level Annotations

Branches:
Dungeon (2/15)

Altars:


Innate Abilities, Weirdness & Mutations

Your serpentine skin is tough. (AC +0)
You have supernaturally acute eyesight. (SInv)
Armour fits poorly on your strangely shaped body.
Your system is resistant to poisons. (rPois)
You cover ground very slowly.
You can spit poison.
You have a snake-like lower body.


Message History

* * * LOW HITPOINT WARNING * * *
Unknown command.
You feel much better.
You feel sick. The adder barely misses you. The adder closely misses you.
You feel sick. The adder bites you.
You hit the adder but do no damage.
The adder is severely wounded.
You feel sick. The adder bites you but does no damage.
The adder closely misses you.
You hit the adder.
The adder is almost dead.
You feel sick. The adder bites you.
Casting: Ensorcelled Hibernation (safe; 21% risk of failure)
Confirm with . or Enter, or press ? or * to list all spells.
Aiming: Ensorcelled Hibernation (safe; 21% risk of failure)
Press: ? - help, Shift-Dir - straight line, f - adder
Aim: an adder (almost dead, chance to affect: 48%)
The adder resists with some effort.
You feel sick. The adder bites you.
You hit the adder.
The adder is almost dead.
You feel sick.
You are no longer poisoned.
The adder closely misses you.
You closely miss the adder.
The adder is almost dead.
The adder misses you. The adder bites you.
* * * LOW HITPOINT WARNING * * *
You closely miss the adder.
The adder is almost dead.
The adder bites you.
* * * LOW HITPOINT WARNING * * *
Casting: Ensorcelled Hibernation (safe; 21% risk of failure)
Confirm with . or Enter, or press ? or * to list all spells.
Aiming: Ensorcelled Hibernation (safe; 21% risk of failure)
Press: ? - help, Shift-Dir - straight line, f/p - adder
Aim: an adder (almost dead, chance to affect: 48%)
You miscast Ensorcelled Hibernation.
You are very lightly contaminated with residual magic.
Nothing appears to happen.
The adder bites you.
You die...

.... .. ... ....
#). # ... #.#
##.# #.#
#.#....#.
##..###.#.#....
##.....S.....###
.......@.$......
##.#...........#
#........####
#...........
#.....#...##
#.....#...#
#..)..#...#.
#.....#.....
#.....#..$#.


You could see an adder.

Vanquished Creatures
  A dart slug (D:1)
  A bat (D:1)
  An endoplasm (D:1)
  3 goblins (D:1)
  2 hobgoblins (D:1)
  A quokka (D:1)
  A ball python (D:1)
  A frilled lizard (D:1)
  3 kobolds
  3 rats (D:1)
17 creatures vanquished.

Notes
Turn   | Place    | Note
-------+----------+-------------------------------------------
     0 | D:1      | bonegar the Naga Enchanter began the quest for the Orb.
     0 | D:1      | Reached XP level 1. HP: 15/15 MP: 3/3
   235 | D:1      | Reached XP level 2. HP: 10/22 MP: 5/5
   325 | D:1      | Found a faded altar of an unknown god.
   350 | D:1      | Learned a level 2 spell: Ensorcelled Hibernation
  1830 | D:2      | HP: 1/20 [adder (3)]
  1831 | D:2      | Slain by an adder

Illustrated notes

Levels and vault maps discovered:
D:1:      moated_graveyard_arrival, layout_basic,
          hellmonk_ecumenical_altar_heavens_door
D:2:      layout_basic

Action                     || total
---------------------------++-------
  Melee: Dagger            ||    83
   Cast: Ensorcelled Hiber ||     7
    Use: Potion            ||     3
         Scroll            ||     2
   Stab: Sleeping          ||     6
         Distracted        ||     1
 Armour: Skin              ||    16
         Robe              ||    53
  Dodge: Dodged            ||    29
